 Dungeon Crawl Stone Soup version 0.29.1-13-g9f3cf754e1 (webtiles) character file.

Game seed: 10619900977335132565

1203 croobank the Covert (level 8, 0/84 HPs)
             Began as an Octopode Delver on Jan 21, 2023.
             Was an Initiate of Gozag.
             Slain by a killer bee (9 damage)
             ... on level 8 of the Dungeon.
             The game lasted 00:18:46 (6756 turns).

croobank the Covert (Octopode Delver)               Turns: 6756, Time: 00:18:47

Health: 0/84       AC:  1    Str: 12    XL:     8   Next: 45%
Magic:  13/13      EV: 14    Int: 14    God:    Gozag
Gold:   199        SH:  0    Dex: 13    Spells: 13/13 levels left

rFire   + . .      SeeInvis +   j - +1 dagger
rCold   . . .      Faith    .   (no shield)
rNeg    . . .      Spirit   .   (helmet restricted)
rPois   .          Reflect  .   (no amulet)
rElec   .          Harm     .   g - ring of protection from fire
rCorr   .          Rampage  .   p - ring of see invisible
Will    .....                   (no ring)
Stlth   ..........              (no ring)
HPRegen 0.24/turn               (no ring)
MPRegen 0.13/turn               (no ring)
                                (no ring)
                                (no ring)

@: berserking (expiring), lethally poisoned (0 -> -6), gold aura, very quick
A: almost no armour, amphibious, 8 rings, camouflage 1, gelatinous body 1,
(nimble swimmer 1), tentacles
a: Renounce Religion, Potion Petition, Call Merchant, Bribe Branch


You were on level 8 of the Dungeon.
You worshipped Gozag.
Gozag was aware of your devotion.
You visited 2 branches of the dungeon, and saw 9 of its levels.

You collected 517 gold pieces.
You spent 204 gold pieces at shops.
You paid 114 gold pieces to Gozag.

Inventory:

Hand Weapons
 a - a +0 hand axe
 j - a +1 dagger (weapon)
 n - a +0 short sword
 y - a +0 war axe
 z - a +0 club
Jewellery
 g - a ring of protection from fire (left tentacle)
 p - a ring of see invisible (right tentacle)
Wands
 e - a wand of flame (29)
 f - a wand of digging (3)
 m - a wand of polymorph (9)
Scrolls
 b - a scroll of fog
 c - 4 scrolls of magic mapping
 d - a scroll of noise {unknown}
 h - 3 scrolls of teleportation {unknown}
 r - 2 scrolls of amnesia
 x - 6 scrolls of identify
Potions
 i - a potion of haste
 k - a potion of magic
 l - a potion of mutation
 o - 4 potions of curing
 q - a potion of ambrosia
 s - 3 potions of brilliance
 t - a potion of berserk rage
 u - a potion of might {unknown}
 v - 3 potions of lignification
 w - 3 potions of degeneration {unknown}


   Skills:
 + Level 5.4 Fighting
 + Level 4.8 Axes
 + Level 4.8 Dodging
 + Level 9.2 Stealth
 + Level 3.4 Spellcasting


You had 13 spell levels left.
You didn't know any spells.
Your spell library contained the following spells:

 Spells                   Type           Power      Damage    Failure   Level
 Beastly Appendage        Tmut           4%         N/A       21%         1
 Wereblood                Tmut           2%         N/A       30%         2
 Spider Form              Tmut/Pois      2%         N/A       52%         3


Dungeon Overview and Level Annotations

Branches:
Dungeon (8/15)             Temple (1/1) D:5
   Lair: D:8-11

Altars:
Ashenzari
Cheibriados
Dithmenos
Elyvilon
Fedhas
Gozag
Hepliaklqana
Kikubaaqudgha
Makhleb
Nemelex Xobeh
Qazlal
Ru
Sif Muna
Trog
Uskayaw
Vehumet
Wu Jian
Xom
Yredelemnul
Zin
The Shining One

Shops:
D:3 ([?:

Annotations:
D:8 Prince Ribbit


Innate Abilities, Weirdness & Mutations

You cannot wear most types of armour.
You are amphibious.
You can wear up to eight rings at the same time.
Your skin changes colour to match your surroundings (Stealth+).
Your rubbery body absorbs attacks. (AC +1, EV +1)
((You are camouflaged when in or above water. (Stealth+)))
You have tentacles for arms and can constrict up to eight enemies at once.


Message History

The killer bee stings you but does no damage.
The killer bee stings you.
Prince Ribbit croaks regally.
Prince Ribbit blinks!
The killer bee closely misses you. The killer bee stings you.
You closely miss the killer bee. You grab the killer bee.
Your squeeze misses the killer bee. You constrict the killer bee.
The killer bee barely misses you. The killer bee stings you!
You closely miss the killer bee. Your squeeze misses the killer bee.
The killer bee is lightly wounded.
You constrict the killer bee. The killer bee barely misses you.
The killer bee misses you. Prince Ribbit hits you.
You closely miss the killer bee.
The killer bee is lightly wounded.
You constrict the killer bee. The killer bee completely misses you.
The killer bee barely misses you. Prince Ribbit barely misses you.
The killer bee barely misses you.
The killer bee stings you but does no damage.
You puncture the killer bee!
The killer bee is severely wounded.
You constrict the killer bee. The killer bee barely misses you.
The killer bee stings you.
You are poisoned.
The killer bee poisons you! Prince Ribbit hits you!
You closely miss the killer bee. You tentacle-slap the killer bee.
You kill the killer bee!
You feel sick. The killer bee stings you! Prince Ribbit hits you!
* * * LOW HITPOINT WARNING * * *
The killer bee barely misses you. The killer bee closely misses you.
You hit the killer bee. Your grab misses the killer bee.
The killer bee is moderately wounded.
You feel sick. The killer bee stings you.
* * * LOW HITPOINT WARNING * * *
The killer bee closely misses you. Prince Ribbit closely misses you.
You miss the killer bee. Your grab misses the killer bee.
You tentacle-slap the killer bee.
The killer bee is severely wounded.
You feel sick. The killer bee stings you!
You die...
Your body crumbles into a pile of gold.

#.# #.# $
#.# #.# #.#
###.###.#
#..F...=#
#.#@#
#.#.yy####
#....K...#
#####K##.##
#.##..####
#K........
#.........
#.........
#.........


You could see Prince Ribbit, 2 killer bees and 3 kobolds.

Vanquished Creatures
  A water moccasin (D:6)
  An ice beast (D:6)
  A black bear (D:6)
  An ogre (D:7)
  A sky beast (D:6)
  2 centaurs (D:6)
  2 scorpions (D:6)
  A killer bee (D:8)
  2 jellies
  4 hounds
  Jessica (D:3)
  An iguana (D:4)
  Natasha (D:3)
  An orc wizard (D:6)
  4 adders
  5 gnolls
  2 dart slugs
  6 orcs
  4 endoplasms
  4 giant cockroaches
  6 goblins
  4 hobgoblins
  6 jackals (D:2)
  3 kobolds
  4 quokkas
  8 ball pythons
  5 bats
  3 frilled lizards
  2 rats
86 creatures vanquished.

Notes
Turn   | Place    | Note
-------+----------+-------------------------------------------
     0 | D:5      | croobank the Octopode Delver began the quest for the Orb.
     0 | D:5      | Reached XP level 1. HP: 16/16 MP: 1/1
     3 | D:6      | Noticed a black bear
     3 | D:6      | Noticed a hound
    35 | D:5      | Noticed a jelly
    99 | D:3      | Reached XP level 2. HP: 15/21 MP: 2/2
   296 | D:4      | Reached skill level 7 in Stealth
   296 | D:4      | Reached XP level 3. HP: 26/26 MP: 3/3
   626 | D:4      | Reached XP level 4. HP: 30/31 MP: 4/4
   648 | D:2      | Found a faded altar of an unknown god.
  2633 | D:1      | Reached XP level 5. HP: 22/37 MP: 4/6
  3217 | D:3      | Found Seoty's Book Shop.
  3225 | D:3      | Bought a book of Changes for 180 gold pieces
  3279 | D:3      | Noticed Jessica
  3281 | D:3      | Killed Jessica
  3282 | D:3      | Reached skill level 1 in Spellcasting
  3347 | D:3      | Noticed Natasha
  3360 | D:3      | Killed Natasha
  3642 | D:3      | Found Asog's Magic Scroll Emporium.
  3648 | D:3      | Found Monnonaa's Armour Shoppe.
  3721 | D:3      | Bought a scroll of identify for 24 gold pieces
  3771 | D:3      | Found Xuuf Sih's Weapon Shop.
  4285 | D:4      | Reached XP level 6. HP: 43/43 MP: 6/8
  4627 | D:5      | Found a staircase to the Ecumenical Temple.
  4662 | Temple   | Entered the Ecumenical Temple
  4963 | Temple   | Became a worshipper of Gozag Ym Sagoz the Greedy
  5314 | D:6      | HP: 3/64 [centaur (2)]
  5316 | D:6      | Reached skill level 8 in Stealth
  5608 | D:6      | Noticed an ice beast
  5616 | D:6      | Killed an ice beast
  5617 | D:6      | Reached XP level 7. HP: 49/49 MP: 10/10
  5914 | D:6      | Reached skill level 5 in Fighting
  5914 | D:6      | Reached XP level 8. HP: 55/55 MP: 12/12
  6025 | D:6      | Reached skill level 9 in Stealth
  6748 | D:8      | Noticed Prince Ribbit
  6756 | D:8      | Slain by a killer bee

Illustrated notes

Levels and vault maps discovered:
D:1:      sevenhm_arrival_forest_fort_small_3, layout_loops_corners,
          chequers_arboretum, hangedman_glass_teeth,
          chequers_serial_rivers_room_a, chequers_serial_rivers_large_a
D:2:      layout_loops_cross, chequers_ecumenical_altar_simple_redux,
          minmay_misc_feat_secret_circle
D:3:      layout_rooms, serial_shops, shop, nicolae_shop_window_shopping,
          nicolae_shop_waterfront, nicolae_shop_statue_plus, uniq_natasha,
          uniq_jessica
D:4:      layout_loops_ring
D:5:      layout_rooms, temple_doors_ab
D:6:      layout_basic
D:7:      erik_cavepeople, layout_loops_ring, enter_bailey_3, serial_shops,
          shop, grunt_ministairs_1, minivault_4
D:8:      layout_basic, minmay_lair_entry_grove, minmay_shattered_shrine,
          uniq_erica, uniq_joseph, uniq_prince_ribbit1
Temple:   mainiacjoe_temple_trianglar_array

Skill      XL: |  1  2  3  4  5  6  7  8 |
---------------+-------------------------+-----
Stealth        | 7 8 9 |  9.2
Dodging        | 3 4 |  4.8
Axes           | 3 4 |  4.8
Spellcasting   | 1 2 3 |  3.4
Fighting       | 4 5 |  5.4

Action                   |  1- 3 |  4- 6 |  7- 9 || total
-------------------------+-------+-------+-------++-------
Melee: Hand axe          |     4 |       |       ||     4
       Constrict         |     7 |    30 |     7 ||    44
       Tentacles         |     5 |    23 |    11 ||    39
       Dagger            |    20 |   129 |    52 ||   201
       Punch             |       |     2 |     2 ||     4
Evoke: Wand              |       |     4 |       ||     4
  Use: Scroll            |       |    14 |     1 ||    15
       Potion            |       |     2 |     1 ||     3
 Stab: Sleeping          |     3 |    19 |     6 ||    28
       Distracted        |     1 |       |     1 ||     2
       Paralysed         |       |     2 |       ||     2
Armor: Skin              |     3 |     6 |     3 ||    12
Dodge: Dodged            |    12 |    91 |    54 ||   157
